 Dungeon Crawl Stone Soup version 0.31-a0-740-g87205ac768 (webtiles) character file.

Game seed: 14699649347304851118

84 tilp the Sneak (level 4, 0/32 HPs)
             Began as a Vampire Enchanter on Sept 12, 2023.
             Slain by an iguana (11 damage)
             ... on level 4 of the Dungeon.
             The game lasted 00:03:21 (2115 turns).

tilp the Sneak (Vampire Enchanter)                  Turns: 2115, Time: 00:03:21

Health: 0/32       AC:  4    Str:  7    XL:     4   Next: 24%
Magic:  0/7        EV: 12    Int: 19    God:
Gold:   89         SH:  0    Dex: 14    Spells: 2/7 levels left

rFire   . . .        a - +2 dagger
rCold   . . .        (no shield)
rNeg    . . .        b - +0 robe
rPois   .            (no helmet)
rElec   .            g - +0 cloak
rCorr   .            (no gloves)
SInv    +            k - +0 pair of boots
Will    .....        (no amulet)
Stlth   +++          (no ring)
HPRegen 0.45/turn    (no ring)
MPRegen 0.10/turn

%: no passive effects
@: healing quickly
A: alive, fangs 3, see invisible, vampiric 2
a: Exsanguinate


You were on level 4 of the Dungeon.
You visited 1 branch of the dungeon, and saw 4 of its levels.

You collected 89 gold pieces.

Inventory:

Hand Weapons
 a - a +2 dagger (weapon)
Missiles
 e - 9 boomerangs (quivered)
 f - 34 stones
Armour
 b - a +0 robe (worn)
 g - a +0 cloak (worn)
 k - a +0 pair of boots (worn)
Scrolls
 l - 2 scrolls of revelation
Potions
 c - 3 potions of invisibility
 d - a potion of brilliance
 h - a potion of magic
 i - 2 potions of enlightenment {unknown}
 j - a potion of cancellation {unknown}
 m - 2 potions of might {unknown}
 n - a potion of mutation {unknown}


   Skills:
 * Level 1.5 Fighting
 * Level 2.4 Short Blades
 + Level 2.7 Dodging
 + Level 5.0 Stealth
 + Level 2.2 Spellcasting
 + Level 4.8 Hexes


You had 2 spell levels left.
You knew the following spells:

 Your Spells              Type           Power      Damage    Failure   Level
a - Ensorcelled Hibernat  Hex/Ice        22%        N/A       10%         2
b - Confusing Touch       Hex            20%        N/A       7%          3

Your spell library contained the following spells:

 Spells                   Type           Power      Damage    Failure   Level
 Necrotise                Necr           8%         1d4       17%         1
 Blink                    Tloc           4%         N/A       26%         2
 Lesser Beckoning         Tloc           4%         N/A       26%         2
 Momentum Strike          Conj/Tloc      4%         3d8       26%         2
 Scorch                   Fire           4%         2d5       26%         2
 Tukima's Dance           Hex            20%        N/A       7%          3
 Dazzling Flash           Conj/Hex       22%        N/A       19%         3
 Vampiric Draining        Necr           2%         2d6       45%         3
 Flame Wave               Conj/Fire      2%         2d4       86%         4
 Agony                    Necr           2%         N/A       99%         5
 Summon Cactus Giant      Summ           1%         N/A       100%        6


Dungeon Overview and Level Annotations

Branches:
Dungeon (4/15)
 Temple: D:4-7

Altars:

Annotations:
D:1 dig vault


Innate Abilities, Weirdness & Mutations

Your natural rate of healing is accelerated.
You have razor-sharp teeth.
You have supernaturally acute eyesight. (SInv)
You are afflicted with vampirism and can become a bat while bloodless.


Message History

Casting: Ensorcelled Hibernation (safe; 10% risk of failure)
Confirm with . or Enter, or press ? or * to list all spells.
Aiming: Ensorcelled Hibernation (safe; 10% risk of failure)
Press: ? - help, Shift-Dir - straight line, f - iguana
Aim: an iguana (chance to affect: 53%)
The iguana resists with significant effort.
The iguana hisses angrily.
The iguana barely misses you.
Unknown command.
Casting: Ensorcelled Hibernation (safe; 10% risk of failure)
Confirm with . or Enter, or press ? or * to list all spells.
Aiming: Ensorcelled Hibernation (safe; 10% risk of failure)
Press: ? - help, Shift-Dir - straight line, f/p - iguana
Aim: an iguana (chance to affect: 53%)
The iguana resists with significant effort.
The iguana misses you.
Unknown command.
Casting: Ensorcelled Hibernation (safe; 10% risk of failure)
Confirm with . or Enter, or press ? or * to list all spells.
Aiming: Ensorcelled Hibernation (safe; 10% risk of failure)
Press: ? - help, Shift-Dir - straight line, f/p - iguana
Aim: an iguana (chance to affect: 53%)
The iguana resists with significant effort.
The iguana misses you.
Unknown command.
You barely miss the iguana. You bite the iguana, but do no damage.
The iguana bites you. The iguana attacks as it pursues you!
The iguana bites you. The iguana attacks as it pursues you!
The iguana bites you!
Casting: Ensorcelled Hibernation (safe; 10% risk of failure)
Confirm with . or Enter, or press ? or * to list all spells.
Aiming: Ensorcelled Hibernation (safe; 10% risk of failure)
Press: ? - help, Shift-Dir - straight line, f/p - iguana
Aim: an iguana (chance to affect: 53%)
The iguana resists with significant effort.
The iguana bites you.
* * * LOW HITPOINT WARNING * * *
Unknown command.
The iguana attacks as it pursues you! The iguana bites you!
You die...

#......+.....
#......#!.#
######>...#
##...#
###.#########
#..#......#
##l.......#
###l.....#
#.@#####
##..†.#
####.####
#....####
###.....#
#.....#
#.....#
#.....#
###.### ####


You could see 2 iguanas.

Vanquished Creatures
  2 adders (D:2)
  2 worms
  2 dart slugs (D:2)
  3 orcs
  4 endoplasms
  2 giant cockroaches
  4 goblins
  7 hobgoblins
  3 quokkas
  6 ball pythons
  5 bats
  8 frilled lizards
  3 kobolds (D:2)
  2 rats
53 creatures vanquished.

Notes
Turn   | Place    | Note
-------+----------+-------------------------------------------
     0 | D:1      | tilp the Vampire Enchanter began the quest for the Orb.
     0 | D:1      | Reached XP level 1. HP: 13/13 MP: 3/3
   203 | D:1      | Reached XP level 2. HP: 20/20 MP: 5/5
   500 | D:2      | Learned a level 2 spell: Ensorcelled Hibernation
   747 | D:2      | Gained mutation: You are afflicted with vampirism and can
                  | become a bat while bloodless. [Vampire growth]
   747 | D:2      | Reached XP level 3. HP: 25/25 MP: 6/6
   751 | D:2      | Learned a level 3 spell: Confusing Touch
   763 | D:2      | Reached skill level 1 in Fighting
  1389 | D:3      | Reached skill level 5 in Stealth
  1457 | D:3      | Reached XP level 4. HP: 31/32 MP: 5/7
  2115 | D:4      | Slain by an iguana

Illustrated notes

Levels and vault maps discovered:
D:1:      ncdulo_wetmaze, layout_basic, serial_glass, glass_columns_a,
          glass_columns_c, glass_columns_a, glass_columns_b, glass_columns_b,
          glass_columns_b, glass_columns_b, glass_columns_a,
          due_unseen_surprise, minmay_strange_pillars, feat_on_display,
          item_on_display_a, dk_noncrumbling_4
D:2:      layout_basic
D:3:      layout_basic
D:4:      layout_basic, fedhas_altar_3, uniq_pikel, uniq_eustachio, uniq_ijyb

Skill      XL: |  1  2  3 |
---------------+----------+-----
Fighting       | 1 |  1.5
Short Blades   | 2 |  2.4
Stealth        | 5 |  5.0
Dodging        | |  2.7
Spellcasting   | |  2.2
Hexes          | |  4.8

Action                     |  1- 3 |  4- 6 || total
---------------------------+-------+-------++-------
  Melee: Dagger            |   115 |    19 ||   134
         Bite              |    10 |     2 ||    12
         Punch             |     1 |       ||     1
   Cast: Ensorcelled Hiber |    12 |     9 ||    21
    Use: Scroll            |     8 |       ||     8
   Stab: Sleeping          |    22 |     8 ||    30
 Armour: Robe              |    51 |     8 ||    59
  Dodge: Dodged            |    56 |     4 ||    60

Table legend: (Time is in decaauts)
 A = Elapsed time spent in this place.
 B = Non-inter-level travel time spent in this place.
 C = Inter-level travel time spent in this place.
 D = Time resting spent in this place.
 E = Time spent auto-exploring this place.
 F = Levels seen in this place.
 G = Mean time per level.
                   A        B        C        D        E       F      G
               +--------+--------+--------+--------+--------+-----+--------+
         Total |   2110 |   2036 |     74 |      0 |   1562 |   4 |  527.5 |
       Dungeon |   2110 |   2036 |     74 |      0 |   1562 |   4 |  527.5 |
               +--------+--------+--------+--------+--------+-----+--------+

Top non-repeatable levels by time:
     D:2: 804 daAuts
     D:3: 694 daAuts
     D:1: 497 daAuts
     D:4: 113 daAuts
